 Dungeon Crawl Stone Soup version 0.31.0-1-g2c135a0 (webtiles) character file.

Game seed: 6642305571764098148

127 Pandrake the Conjurer (level 4, -1/49 HPs)
             Began as a Demigod Conjurer on Feb 1, 2024.
             Slain by an adder (3 damage)
             ... on level 3 of the Dungeon.
             The game lasted 00:12:02 (2513 turns).

Pandrake the Conjurer (Demigod Conjurer)            Turns: 2513, Time: 00:12:03

Health: -1/49      AC: 29    Str:  8    XL:     4   Next: 56%
Magic:  10/10      EV:  2    Int: 24    God:
Gold:   72         SH:  0    Dex: 12    Spells: 4/7 levels left

rFire   . . .        b - +1 long sword (protect)
rCold   . . .        (no shield)
rNeg    . . .        a - melded +0 robe
rPois   +            (helmet currently unavailable)
rElec   .            (cloak currently unavailable)
rCorr   .            (gloves currently unavailable)
SInv    .            k - melded +0 pair of boots
Will    .....        (no amulet)
Stlth   ++           (no ring)
HPRegen 0.28/turn    (no ring)
MPRegen 0.12/turn

%: no passive effects
@: mighty, tree-form, under a protective aura
A: stationary, stasis, torment immunity, boosted hp, high MP 1, forlorn, divine
attributes
a: no special abilities


You were on level 3 of the Dungeon.
You were a tree.
You visited 1 branch of the dungeon, and saw 3 of its levels.

You collected 72 gold pieces.

Inventory:

Hand Weapons
 b - a +1 long sword of protection (weapon)
 c - a +2 dagger of speed
 l - a +0 long sword
Armour
 a - a +0 robe (melded)
 k - a +0 pair of boots (melded)
Talismans
 i - a flux talisman
Scrolls
 d - a scroll of identify
 n - 2 scrolls of revelation
Potions
 g - 2 potions of lignification


   Skills:
 - Level 2.0 Dodging
 - Level 2.0 Stealth
 - Level 0.3 Unarmed Combat
 + Level 2.3 Spellcasting
 + Level 4.9 Conjurations
 * Level 1.3 Summonings


You had 4 spell levels left.
You knew the following spells:

 Your Spells              Type           Power      Damage    Failure   Level
a - Magic Dart            Conj           100%       1d8       1%          1
b - Searing Ray           Conj           52%        2d6       2%          2

Your spell library contained the following spells:

 Spells                   Type           Power      Damage    Failure   Level
 Shock                    Conj/Air       56%        1d6       4%          1
 Necrotise                Necr           8%         1d4       12%         1
 Cigotuvi's Dreadful Rot  Necr/Alch/Air  4%         N/A       17%         2
 Swiftness                Air            2%         N/A       34%         3
 Vampiric Draining        Necr           2%         2d6       34%         3
 Fulminant Prism          Conj/Alch      7%         3d7       38%         4
 Iskenderun's Mystic Bla  Conj/Tloc      14%        2d5       38%         4
 Martyr's Knell           Necr/Summ      5%         N/A       65%         4
 Airstrike                Air            1%         2d(1-17)  75%         4
 Dispel Undead            Necr           2%         3d7       75%         4
 Summon Forest            Summ/Tloc      2%         N/A       94%         5
 Curse of Agony           Necr           2%         N/A       97%         5
 Death Channel            Necr           1%         N/A       100%        6
 Eringya's Noxious Bog    Alch           1%         4d6       100%        6
 Summon Hydra             Summ           4%         N/A       100%        7


Dungeon Overview and Level Annotations

Branches:
Dungeon (3/15)

Annotations:
D:3 Jessica


Innate Abilities, Weirdness & Mutations

You are a tree.
Your roots penetrate the ground, keeping you stationary.
You cannot be teleported.
You are immune to unholy pain and torment.
Your maximum health is greatly increased.
Your equipment is partially melded.
You have an increased reservoir of magic. (+10% MP)
You shall have no god before yourself.
Your divine heritage dramatically boosts your attributes as you level up.


Message History

You slash the adder!
You kill the adder!
You feel sick. The adder bites you but does no damage. The hobgoblin hits you.
* * * LOW HITPOINT WARNING * * *
The quokka bites you but does no damage.
The adder misses you.
You barely miss the adder.
You feel sick. The adder bites you but does no damage.
The quokka bites you but does no damage.
The hobgoblin hits you.
* * * LOW HITPOINT WARNING * * *
The adder bites you but does no damage. The quokka closely misses you.
The hobgoblin closely misses you.
You closely miss the adder.
You feel sick. The adder bites you.
* * * LOW HITPOINT WARNING * * *
The quokka closely misses you. The hobgoblin barely misses you.
The adder bites you but does no damage.
The quokka bites you but does no damage.
You turn into a tree.
Your +0 pair of boots melds into your body.
Your +0 robe melds into your body.
Your roots penetrate the ground.
You feel sick.
You are no longer poisoned.
The hobgoblin hits you but does no damage.
The adder bites you but does no damage.
The quokka bites you but does no damage.
As you read the scroll labelled CUUBONI BUICW, it crumbles to dust.
You feel a strange sense of stasis.
It was a scroll of teleportation.
The adder bites you but does no damage. The hobgoblin barely misses you.
The quokka barely misses you.
The orc shouts!
You slash the adder!
Your weapon exudes an aura of protection.
The adder is almost dead.
You hear a shout!
The adder bites you but does no damage.
The hobgoblin hits you but does no damage.
The quokka bites you but does no damage.
The adder bites you.
You die...

# ### ## # #.. .# # ##
#. #.# .# # ..#
#.#############.# ##.#
#...#
................# ...#
#...#.
....^##.........# #..#
......
?.....#.r.......###..#
.....>
$.....o.†♣...........#
......
..).....Sg.....####.##
#...# ...............#
#.# ....#
...............# #.#
#...# .......#########
#.# # .## #...##. #.#
# # #.#.##. #### #.# #
#
#.#....######...###.#
##.#
#.#......##......##.#


You could see an adder, an orc, a quokka and a hobgoblin.

Vanquished Creatures
  7 adders
  A dart slug (D:3)
  A ribbon worm (D:2)
  An orc (D:3)
  3 bats
  8 endoplasms
  2 giant cockroaches
  6 goblins
  6 hobgoblins
  A jackal (D:3)
  2 quokkas (D:2)
  7 ball pythons
  3 frilled lizards
  6 kobolds
  2 rats
56 creatures vanquished.

Notes
Turn   | Place    | Note
-------+----------+-------------------------------------------
     0 | D:1      | Pandrake the Demigod Conjurer began the quest for the Orb.
     0 | D:1      | Reached XP level 1. HP: 14/14 MP: 5/5
   376 | D:1      | Reached XP level 2. HP: 20/20 MP: 2/7
   562 | D:1      | Reached skill level 4 in Conjurations
  1176 | D:2      | Reached XP level 3. HP: 8/26 MP: 5/8
  1885 | D:2      | Reached XP level 4. HP: 29/33 MP: 2/9
  2230 | D:3      | Reached skill level 1 in Summonings
  2244 | D:3      | Noticed Jessica
  2313 | D:2      | Learned a level 2 spell: Searing Ray
  2510 | D:3      | HP: 1/33 [adder (2)]
  2513 | D:3      | Slain by an adder

Illustrated notes

Levels and vault maps discovered:
D:1:      minmay_arrival_jagged, layout_loops_cross, roderic_roman_lattice,
          minmay_octomino_e4
D:2:      layout_loops_ring, nicolae_half_adder
D:3:      layout_loops_cross, ashenzari_conservatory_becter, uniq_jessica

Skill      XL: |  1  2  3  4 |
---------------+-------------+-----
Conjurations   | 4 |  4.9
Stealth        | 2 |  2.0
Dodging        | 2 |  2.0
Spellcasting   | 2 |  2.3
Summonings     | 1 |  1.3
Unarmed Combat | |  0.3

Action                     |  1- 3 |  4- 6 || total
---------------------------+-------+-------++-------
  Melee: Unarmed           |    15 |       ||    15
         Punch             |     1 |       ||     1
         Dagger            |    68 |       ||    68
         Long sword        |     6 |    50 ||    56
   Cast: Magic Dart        |    52 |    16 ||    68
    Use: Scroll            |     1 |     4 ||     5
         Potion            |       |     6 ||     6
 Armour: Robe              |    33 |    53 ||    86
         Skin              |       |     8 ||     8
  Dodge: Dodged            |    52 |    64 ||   116
